GCL
TAMPA BAY (GCL) RAYS @ PITTSBURGH (GCL) PIRATES
07/20/2099
 
TOP OF THE 1ST
Tampa Bay (GCL) Rays batting - Pitching for Pittsburgh (GCL) Pirates : RHP Elias Fernandez
Pitching: RHP Elias Fernandez
Batting: LHB David Lowe 0-0: Ball
1-0: Ball
2-0: Fly out, F9 (Flyball, 89M, EV 93.1 MPH)
Batting: RHB Kyle Shannon 0-0: Ball
1-0: Ball
2-0: Called Strike
2-1: Swinging Strike
2-2: Ground out 5-3 (Groundball, 5, EV 75.6 MPH)
Batting: RHB Joe Slayback 0-0: Fly out, F8 (Flyball, 78D, EV 105.0 MPH)
Top of the 1st over - 0 runs, 0 hits, 0 errors, 0 left on base; Tampa Bay (GCL) 0 - Pittsburgh (GCL) 0
BOTTOM OF THE 1ST
Pittsburgh (GCL) Pirates batting - Pitching for Tampa Bay (GCL) Rays : RHP Matt Shea
Pitching: RHP Matt Shea
Batting: RHB Matt Bradley 0-0: Foul Ball, location: 5DF
0-1: Called Strike
0-2: Ball
1-2: Fly out, F7 (Flyball, 78D, EV 92.5 MPH)
Batting: RHB Mark Steele 0-0: Ball
1-0: Ground out 6-3 (Groundball, 6, EV 104.4 MPH)
Batting: RHB Nate O'Malley 0-0: Called Strike
0-1: Ball
1-1: Called Strike
1-2: Strikes out swinging
Bottom of the 1st over - 0 runs, 0 hits, 0 errors, 0 left on base; Tampa Bay (GCL) 0 - Pittsburgh (GCL) 0
TOP OF THE 2ND
Tampa Bay (GCL) Rays batting - Pitching for Pittsburgh (GCL) Pirates : RHP Elias Fernandez
Batting: RHB Tris Reich 0-0: Ball
1-0: Ball
2-0: Fly out, F7 (Flyball, 7S, EV 90.6 MPH)
Batting: RHB Brian Rhodes 0-0: Ball
1-0: Ball
2-0: Ball
3-0: Swinging Strike
3-1: Base on Balls
Batting: LHB Juan Huerta 0-0: Ball
1-0: Called Strike
1-1: Fly out, F9 (Line Drive, 9D, EV 87.5 MPH)
Batting: RHB Dustin Carlson 0-0: Called Strike
0-1: Called Strike
0-2: Ball
1-2: Ball
2-2: Ground out 5-3 (Groundball, 56S, EV 82.5 MPH)
Top of the 2nd over - 0 runs, 0 hits, 0 errors, 1 left on base; Tampa Bay (GCL) 0 - Pittsburgh (GCL) 0
BOTTOM OF THE 2ND
Pittsburgh (GCL) Pirates batting - Pitching for Tampa Bay (GCL) Rays : RHP Matt Shea
Batting: RHB Dan Madsen 0-0: Called Strike
0-1: Foul Ball, location: 2F
0-2: Strikes out swinging
Batting: RHB Jalen Payne 0-0: Ball
1-0: Called Strike
1-1: Ball
2-1: Ball
3-1: SINGLE (Groundball, 4M, EV 103.1 MPH) (infield hit)
Batting: RHB Steve Ruse 0-0: Called Strike
0-1: Ball
1-1: Ball
Jalen Payne steals 2nd base
2-1: Foul Ball, location: 9LDF
2-2: Strikes out swinging
Batting: RHB Craig Shaffer 0-0: Ball
1-0: Ball
2-0: Swinging Strike
2-1: Foul Ball, location: 5FF
2-2: Strikes out looking
Bottom of the 2nd over - 0 runs, 1 hit, 0 errors, 1 left on base; Tampa Bay (GCL) 0 - Pittsburgh (GCL) 0
TOP OF THE 3RD
Tampa Bay (GCL) Rays batting - Pitching for Pittsburgh (GCL) Pirates : RHP Elias Fernandez
Batting: LHB Troy Howard 0-0: Ball
1-0: Ball
2-0: Called Strike
2-1: Ball
3-1: Foul Ball, location: 2F
3-2: Foul Ball, location: 7LSF
3-2: Strikes out swinging
Batting: LHB Alfredo Cantavalle 0-0: Ball
1-0: Ball
2-0: Foul Ball, location: 5F
2-1: Swinging Strike
2-2: Ball
3-2: Base on Balls
Batting: LHB David Lowe 0-0: Ball
1-0: Called Strike
1-1: Ball
2-1: Foul Ball, location: 2F
2-2: Strikes out swinging
Batting: RHB Kyle Shannon 0-0: Ball
1-0: Ball
2-0: SINGLE (Line Drive, 5L, EV 98.8 MPH)
Alfredo Cantavalle to second
Batting: RHB Joe Slayback 0-0: Called Strike
0-1: Fly out, F4 (Line Drive, 4M, EV 75.0 MPH)
Top of the 3rd over - 0 runs, 1 hit, 0 errors, 2 left on base; Tampa Bay (GCL) 0 - Pittsburgh (GCL) 0
BOTTOM OF THE 3RD
Pittsburgh (GCL) Pirates batting - Pitching for Tampa Bay (GCL) Rays : RHP Matt Shea
Pitching: RHP Karsten van Luttikhuizen
Batting: RHB Kevin Frazier 0-0: Ball
1-0: Ground out 4-3 (Groundball, 4, EV 105.0 MPH)
Batting: RHB Bruce Cuentas 0-0: Called Strike
0-1: Foul Ball, location: 5F
0-2: Ball
1-2: Strikes out swinging, 2-3 out at first.
Batting: RHB Matt Bradley 0-0: Swinging Strike
0-1: Ball
1-1: Ball
2-1: Ball
3-1: Base on Balls
Batting: RHB Mark Steele 0-0: Called Strike
Matt Bradley steals 2nd base
0-1: Foul Ball, location: 5F
0-2: Ball
1-2: Foul Ball, location: 2F
1-2: Strikes out looking
Bottom of the 3rd over - 0 runs, 0 hits, 0 errors, 1 left on base; Tampa Bay (GCL) 0 - Pittsburgh (GCL) 0
TOP OF THE 4TH
Tampa Bay (GCL) Rays batting - Pitching for Pittsburgh (GCL) Pirates : RHP Elias Fernandez
Batting: RHB Tris Reich 0-0: Ball
1-0: Foul Ball, location: 2F
1-1: Foul Ball, location: 2F
1-2: Foul Ball, location: 23F
1-2: Fly out, F7 (Flyball, 78D, EV 109.4 MPH)
Batting: RHB Brian Rhodes 0-0: Fly out, F5 (Popup, 56S, EV 88.8 MPH)
Batting: LHB Juan Huerta 0-0: Ball
1-0: SINGLE (Groundball, 34D, EV 96.9 MPH)
Batting: RHB Dustin Carlson 0-0: Ball
1-0: Ground out 4-3 (Groundball, 34, EV 85.0 MPH)
Top of the 4th over - 0 runs, 1 hit, 0 errors, 1 left on base; Tampa Bay (GCL) 0 - Pittsburgh (GCL) 0
BOTTOM OF THE 4TH
Pittsburgh (GCL) Pirates batting - Pitching for Tampa Bay (GCL) Rays : RHP Karsten van Luttikhuizen
Batting: RHB Nate O'Malley 0-0: Ball
1-0: Ground out U3 (Groundball, 3, EV 82.5 MPH)
Batting: RHB Dan Madsen 0-0: Ball
1-0: Called Strike
1-1: Ball
2-1: Ball
3-1: Base on Balls
Batting: RHB Jalen Payne 0-0: Called Strike
0-1: TRIPLE (Line Drive, 78XD, EV 104.4 MPH)
Dan Madsen scores
Batting: RHB Steve Ruse 0-0: Ball
1-0: Called Strike
1-1: Swinging Strike
1-2: Ball
2-2: Foul Ball, location: 5F
2-2: Ball
3-2: Fly out, F7 (Flyball, 78S, EV 80.0 MPH)
Batting: RHB Craig Shaffer 0-0: Ball
1-0: Ball
2-0: Ball
3-0: Base on Balls
Batting: RHB Kevin Frazier 0-0: Ball
1-0: Swinging Strike
1-1: Foul Ball, location: 2F
1-2: Strikes out swinging
Bottom of the 4th over - 1 run, 1 hit, 0 errors, 2 left on base; Tampa Bay (GCL) 0 - Pittsburgh (GCL) 1
TOP OF THE 5TH
Tampa Bay (GCL) Rays batting - Pitching for Pittsburgh (GCL) Pirates : RHP Elias Fernandez
Batting: LHB Troy Howard 0-0: Ground out 4-3 (Groundball, 34, EV 71.3 MPH)
Batting: LHB Alfredo Cantavalle 0-0: Fly out, F5 (Popup, 56S, EV 87.5 MPH)
Batting: LHB David Lowe 0-0: Ball
1-0: Called Strike
1-1: Ground out 4-3 (Groundball, 4, EV 103.8 MPH)
Top of the 5th over - 0 runs, 0 hits, 0 errors, 0 left on base; Tampa Bay (GCL) 0 - Pittsburgh (GCL) 1
BOTTOM OF THE 5TH
Pittsburgh (GCL) Pirates batting - Pitching for Tampa Bay (GCL) Rays : RHP Karsten van Luttikhuizen
Batting: RHB Bruce Cuentas 0-0: Called Strike
0-1: Fly out, F7 (Line Drive, 78M, EV 90.6 MPH)
Batting: RHB Matt Bradley 0-0: Foul Ball, location: 2F
0-1: Ball
1-1: Ball
2-1: Ball
3-1: Foul Ball, location: 25F
3-2: DOUBLE (Line Drive, 9LS, EV 99.4 MPH)
Batting: RHB Mark Steele 0-0: Ball
1-0: Ball
Wild Pitch!
Matt Bradley to third
2-0: Called Strike
2-1: Foul Ball, location: 2F
2-2: Ball
3-2: Ground out 6-3 (Groundball, 6, EV 80.0 MPH)
Batting: RHB Nate O'Malley 0-0: Foul Ball, location: 9LSF
0-1: Ball
1-1: Swinging Strike
1-2: Strikes out looking
Bottom of the 5th over - 0 runs, 1 hit, 0 errors, 1 left on base; Tampa Bay (GCL) 0 - Pittsburgh (GCL) 1
TOP OF THE 6TH
Tampa Bay (GCL) Rays batting - Pitching for Pittsburgh (GCL) Pirates : RHP Elias Fernandez
Batting: RHB Kyle Shannon 0-0: Called Strike
0-1: Ball
1-1: Called Strike
1-2: Foul Ball, location: 23F
1-2: Foul Ball, location: 2F
1-2: Ball
2-2: Ball
3-2: Base on Balls
Batting: RHB Joe Slayback 0-0: Ball
1-0: SINGLE (Line Drive, 8RS, EV 87.5 MPH)
Kyle Shannon to second
Runner from 2nd tries for 3rd, SAFE, throw by CF made to third
Pitching: RHP Sal Amaro
Batting: RHB Tris Reich 0-0: Fly out, F9 (Flyball, 89S, EV 92.5 MPH)
Pinch Hitting: LHB Matt Bridgeforth 0-0: Ball
Joe Slayback is caught stealing 2nd base 2-6
1-0: Ball
2-0: Fly out, F7 (Flyball, 7LDF, EV 95.0 MPH)
Top of the 6th over - 0 runs, 1 hit, 0 errors, 1 left on base; Tampa Bay (GCL) 0 - Pittsburgh (GCL) 1
BOTTOM OF THE 6TH
Pittsburgh (GCL) Pirates batting - Pitching for Tampa Bay (GCL) Rays : RHP Karsten van Luttikhuizen
Now in RF: Matt Bridgeforth
Batting: RHB Dan Madsen 0-0: Ball
1-0: Swinging Strike
1-1: Swinging Strike
1-2: Ball
2-2: Ball
3-2: Base on Balls
Batting: RHB Jalen Payne 0-0: Ball
1-0: Ground out 6-3 (Groundball, P, EV 88.1 MPH)
Dan Madsen to second
Batting: RHB Steve Ruse 0-0: SINGLE (Line Drive, 4D, EV 103.1 MPH)
Dan Madsen to third
DELAY Rain delay of 41 minutes in the 6th inning.
Batting: RHB Craig Shaffer 0-0: Called Strike
0-1: Foul Ball, location: 9LDF
0-2: Strikes out looking
Batting: RHB Kevin Frazier 0-0: Ball
1-0: Foul Ball, location: 23F
1-1: Foul Ball, location: 2F
1-2: Foul Ball, location: 25FF
1-2: Ball
2-2: Ball
3-2: Fly out, F9 (Flyball, 9, EV 82.5 MPH)
Bottom of the 6th over - 0 runs, 1 hit, 0 errors, 2 left on base; Tampa Bay (GCL) 0 - Pittsburgh (GCL) 1
TOP OF THE 7TH
Tampa Bay (GCL) Rays batting - Pitching for Pittsburgh (GCL) Pirates : RHP Sal Amaro
Batting: LHB Juan Huerta 0-0: Ball
1-0: Foul Ball, location: 7LSF
1-1: Swinging Strike
1-2: Ball
2-2: Strikes out looking
Pinch Hitting: RHB Devon Farmer 0-0: Ground out 5-3 (Groundball, 5, EV 99.4 MPH)
Batting: LHB Troy Howard 0-0: Ball
1-0: Called Strike
1-1: Called Strike
1-2: Strikes out looking
Top of the 7th over - 0 runs, 0 hits, 0 errors, 0 left on base; Tampa Bay (GCL) 0 - Pittsburgh (GCL) 1
BOTTOM OF THE 7TH
Pittsburgh (GCL) Pirates batting - Pitching for Tampa Bay (GCL) Rays : RHP Karsten van Luttikhuizen
Now at 2B: Dave Jones
Now at SS: Joe Slayback
Batting: RHB Bruce Cuentas 0-0: Ball
1-0: Ground out 4-3 (Groundball, 4S, EV 86.9 MPH)
Batting: RHB Matt Bradley 0-0: Ground out 5-3 (Groundball, 56S, EV 83.1 MPH)
Batting: RHB Mark Steele 0-0: Ball
1-0: Ground out 5-3 (Groundball, 56, EV 103.1 MPH)
Bottom of the 7th over - 0 runs, 0 hits, 0 errors, 0 left on base; Tampa Bay (GCL) 0 - Pittsburgh (GCL) 1
TOP OF THE 8TH
Tampa Bay (GCL) Rays batting - Pitching for Pittsburgh (GCL) Pirates : RHP Sal Amaro
Pinch Hitting: LHB Chad Donaldson 0-0: Foul Ball, location: 2F
0-1: Ball
1-1: Ball
2-1: Ball
3-1: Called Strike
3-2: SINGLE (Line Drive, 9S, EV 86.9 MPH)
Batting: RHB Mike McBride 0-0: Ball
1-0: Foul Ball, location: 7LSF
1-1: Grounds into double play, 6-4-3 (Groundball, 6, EV 103.8 MPH)
Pinch Hitting: LHB Steve Ball 0-0: Ball
1-0: Foul Ball, location: 2F
1-1: Ground out 4-3 (Groundball, 4, EV 111.3 MPH)
Top of the 8th over - 0 runs, 1 hit, 0 errors, 0 left on base; Tampa Bay (GCL) 0 - Pittsburgh (GCL) 1
BOTTOM OF THE 8TH
Pittsburgh (GCL) Pirates batting - Pitching for Tampa Bay (GCL) Rays : RHP Karsten van Luttikhuizen
Pitching: RHP Jake Woltz
Now in LF: Matt Bridgeforth
Now in CF: Josh Capezzuto
Now in RF: Chad Donaldson
Pinch Hitting: RHB James Stutzman 0-0: Ball
1-0: Ball
2-0: Ball
3-0: Called Strike
3-1: Swinging Strike
3-2: SINGLE (Groundball, 4MD, EV 81.9 MPH) (infield hit)
Batting: LHB Esteban Ortiz 0-0: Ball
1-0: Ball
2-0: Foul Ball, location: 9LMF
2-1: Ball
3-1: Foul Ball, location: 2F
3-2: Fly out, F9 (Line Drive, 9D, EV 96.3 MPH)
Batting: RHB Jalen Payne 0-0: Foul Ball, location: 7LSF
0-1: TRIPLE (Flyball, 78XD, EV 104.4 MPH)
James Stutzman scores
Batting: RHB Steve Ruse 0-0: Intentional Walk
Pinch Hitting: SHB Nate Esposito 0-0: Ball
1-0: Ball
Steve Ruse steals 2nd base
2-0: Intentional Walk
Pinch Hitting: RHB Frank Levin 0-0: Foul Ball, location: 2F
0-1: Foul Ball, location: 23FF
0-2: Strikes out swinging
Batting: RHB Bruce Cuentas 0-0: Called Strike
0-1: SINGLE (Groundball, 6MD, EV 100.6 MPH)
Jalen Payne scores
Steve Ruse to third
Nate Esposito to second
Runner from 3rd tries for Home, SAFE, throw by CF to home
Pitching: RHP John Chapman
Batting: RHB Matt Bradley 0-0: Ball
1-0: Foul Ball, location: 2F
1-1: Ball
2-1: Ground out 1-3 (Groundball, 15S, EV 71.3 MPH)
Bottom of the 8th over - 3 runs, 3 hits, 0 errors, 2 left on base; Tampa Bay (GCL) 0 - Pittsburgh (GCL) 4
TOP OF THE 9TH
Tampa Bay (GCL) Rays batting - Pitching for Pittsburgh (GCL) Pirates : RHP Sal Amaro
Pitching: RHP Omar Monzon
Now at 1B: Frank Levin
Now at 3B: Johnny Miller
Now in RF: Barry Russell
Batting: RHB Joe Slayback 0-0: Ball
1-0: Ball
2-0: Foul Ball, location: 2F
2-1: Ball
3-1: Base on Balls
Batting: RHB Tris Reich 0-0: Ball
1-0: Foul Ball, location: 9LDF
1-1: Fly out, F7 (Flyball, 7LM, EV 109.4 MPH)
Batting: LHB Matt Bridgeforth 0-0: Ball
1-0: Ball
2-0: Ball
3-0: Foul Ball, location: 3F
3-1: Base on Balls
Joe Slayback to second
Pinch Hitting: RHB Paul Milman 0-0: Foul Ball, location: 9LDF
0-1: Ball
1-1: Swinging Strike
1-2: Foul Ball, location: 2F
1-2: Ground out 6-3 (Groundball, 6S, EV 66.9 MPH)
Joe Slayback to third
Matt Bridgeforth to second
Pinch Hitting: LHB Robbie Martel 0-0: Ball
1-0: Ball
2-0: SINGLE (Line Drive, 7S, EV 108.1 MPH)
Joe Slayback scores
Matt Bridgeforth to third
Pinch Hitting: RHB Manny Ortiz 0-0: Called Strike
0-1: Fielders Choice at 2nd, 6-4 (Groundball, 6, EV 73.8 MPH)
Top of the 9th over - 1 run, 1 hit, 0 errors, 2 left on base; Tampa Bay (GCL) 1 - Pittsburgh (GCL) 4
Sunday, May 12th , 2024 - OOTP Baseball 24.11 Build 85